 Dungeon Crawl Stone Soup version 0.29.1-15-g9cfb28693d (webtiles) character file.

Game seed: 12184691353248062168

21 xSliceyx the Magician (level 3, 11/25 HPs)
             Began as a Djinni Hedge Wizard on Feb 21, 2023.
             Quit the game on level 1 of the Dungeon.
             The game lasted 00:01:25 (502 turns).

xSliceyx the Magician (Djinni Hedge Wizard)          Turns: 502, Time: 00:01:25

Health: 11/25      AC:  2    Str: 15    XL:     3   Next: 2%
Gold:   23         EV: 12    Int: 17    God:
                   SH:  0    Dex: 12

rFire   + + .      SeeInvis .   e - staff of poison
rCold   x . .      Faith    .   (no shield)
rNeg    . . .      Spirit   .   b - +0 robe
rPois   ∞          Reflect  .   c - +0 hat
rElec   .          Harm     .   (no cloak)
rCorr   .          Rampage  .   (no gloves)
Will    .....                   (boots unavailable)
Stlth   ++........              (no amulet)
HPRegen 0.08/turn               f - +6 ring of strength
MPRegen 0.00/turn               (no ring)

@: flying
A: sickness immunity, fire resistance 2, cold vulnerability 1, float, innate
caster, HP casting, extra vitality 1
a: no special abilities


You were on level 1 of the Dungeon.
You visited 1 branch of the dungeon, and saw 1 of its levels.

You collected 23 gold pieces.

Inventory:

Hand Weapons
 a - a +0 dagger
Armour
 b - a +0 robe (worn)
 c - a +0 hat (worn)
Magical Staves
 e - a staff of poison (weapon)
Jewellery
 f - a +6 ring of strength (left hand)
Scrolls
 d - a scroll of immolation {unknown}
Potions
 g - 2 potions of might {unknown}
 h - a potion of flight {unknown}


   Skills:
 - Level 2.1 Dodging
 - Level 1.5 Stealth
 + Level 3.1 Spellcasting


You couldn't memorise any spells.
You knew the following spells:

 Your Spells              Type           Power      Damage    Failure   Level
a - Magic Dart            Conj           52%        1d5       4%          1
b - Blink                 Tloc           26%        N/A       7%          2
c - Call Imp              Summ           13%        N/A       7%          2
d - Slow                  Hex            52%        N/A       4%          1
e - Conjure Flame         Conj/Fire      13%        6-21      14%         3
f - Mephitic Cloud        Conj/Pois/Air  20%        N/A       14%         3
g - Beastly Appendage     Tmut           26%        N/A       4%          1
Your spell library was empty.

Dungeon Overview and Level Annotations

Branches:
Dungeon (1/15)

Altars:


Innate Abilities, Weirdness & Mutations

You are immune to sickness and miasma.
You are immune to poison.
Your flesh is very heat resistant. (rF++)
You are vulnerable to cold. (rC-)
You float through the air rather than walking.
You learn spells naturally, not from books.
Your magical power is your life essence.
You have superior vitality. (+4 MHP)


Message History

The jackal closely misses you.
The magic dart hits the jackal.
You kill the jackal!
You completely miss the jackal. The jackal bites you.
A jackal comes into view.
The jackal barely misses you.
The jackal barks!
You hit the jackal.
The jackal is moderately wounded.
The jackal misses you.
The jackal bites you but does no damage.
The jackal barely misses you. The jackal attacks as you move away!
The jackal barely misses you. The jackal closely misses you.
The magic dart hits the jackal.
The jackal is severely wounded.
The jackal barely misses you.
A dart slug comes into view.
The magic dart hits the jackal.
You kill the jackal!
The magic dart hits the jackal.
The jackal is severely wounded.
The jackal bites you.
The jackal bites you but does no damage.
You are too injured to fight recklessly!
Casting: Magic Dart (safe; 5% risk of failure)
Confirm with . or Enter, or press ? or * to list all spells.
Aiming: Magic Dart (safe; 5% risk of failure)
Press: ? - help, Shift-Dir - straight line, f/p - jackal
Aim: a jackal (severely wounded, 100% to hit)
The magic dart hits the jackal.
You kill the jackal!
You have reached level 3!
Your experience leads to an increase in your attributes!
Your base attributes are Str 9, Int 15, Dex 12.
Increase (S)trength, (I)ntelligence, or (D)exterity?
You feel clever. x2
The power to cast Beastly Appendage wells up from within.
Spell assigned to 'g'.
Are you sure you want to abandon this character and quit the game? (Confirm with "yes".)

.### #........
...##............. )
####.....#............
##....w.............)#.
#......................
###...##.................
#####.. #....##.#......÷...#
....... #.#†## .#..........#
.......###.#@# #.#..........#
.............# #.#...........
........#..#####.............
...).†....###.........#......
......).#####..[......#....##
......................#..###≈
.........#####..........###..
)...................†.#.##..<
........######........#.###..


You could see a dart slug.

Vanquished Creatures
  A dart slug (D:1)
  2 ball pythons (D:1)
  An endoplasm (D:1)
  3 goblins (D:1)
  A hobgoblin (D:1)
  3 jackals (D:1)
  A kobold (D:1)
  A quokka (D:1)
  A frilled lizard (D:1)
  A rat (D:1)
15 creatures vanquished.

Notes
Turn   | Place    | Note
-------+----------+-------------------------------------------
     0 | D:1      | xSliceyx the Djinni Hedge Wizard began the quest for the
                  | Orb.
     0 | D:1      | xSliceyx set off with the following spells memorised: Magic
                  | Dart, Blink, Call Imp, Slow, Conjure Flame, Mephitic Cloud.
     0 | D:1      | Reached XP level 1. HP: 15/15 MP: 0/0
   247 | D:1      | Reached XP level 2. HP: 20/21 MP: 0/0
   302 | D:1      | Reached skill level 3 in Spellcasting
   502 | D:1      | Reached XP level 3. HP: 11/25 MP: 0/0
   502 | D:1      | Learned a level 1 spell: Beastly Appendage
   502 | D:1      | Quit the game

Illustrated notes

Levels and vault maps discovered:
D:1:      wander_arrival_chamber, layout_rooms,
          chequers_ecumenical_altar_simple_redux, minivault_23

Skill      XL: |  1  2 |
---------------+-------+-----
Spellcasting   | 3 |  3.1
Dodging        | |  2.1
Stealth        | |  1.5

Action                   || total
-------------------------++-------
Melee: Staff             ||     2
 Cast: Magic Dart        ||    31
Armor: Robe              ||     3
Dodge: Dodged            ||     8
